 Dungeon Crawl Stone Soup version 0.28.0-62-gf88900778d (webtiles) character file.

Game seed: 9589320402707795316

5700 cbfl8 the Cleaver (level 10, 0/88 HPs)
             Began as a Minotaur Berserker on July 3, 2023.
             Was a Priest of Trog.
             Slain by a two-headed ogre
             ... wielding a +0 giant club
              (27 damage)
             ... on level 9 of the Dungeon.
             The game lasted 00:10:09 (10451 turns).

cbfl8 the Cleaver (Minotaur Berserker)             Turns: 10451, Time: 00:10:09

Health: 0/88       AC: 15    Str: 21    XL:     10   Next: 48%
Magic:  9/9        EV:  9    Int:  4    God:    Trog [***...]
Gold:   554        SH:  8    Dex: 21    Spells: 9/9 levels left

rFire   . . .      SeeInvis .   a - +0 hand axe
rCold   . . .      Faith    .   A - +0 kite shield
rNeg    + . .      Spirit   .   x - +0 chain mail
rPois   .          Reflect  .   (helmet restricted)
rElec   .          Harm     .   w - +0 cloak
rCorr   .          Rampage  .   B - +0 pair of gloves
Will    .....                   y - +0 pair of boots
Stlth   ..........              (no amulet)
HPRegen 0.24/turn               C - +6 ring of dexterity
MPRegen 0.11/turn               f - ring of positive energy

@: no status effects
A: horns 2, retaliatory headbutt
a: Renounce Religion, Berserk, Trog's Hand


You were on level 9 of the Dungeon.
You worshipped Trog.
Trog was most pleased with you.
You visited 1 branch of the dungeon, and saw 9 of its levels.
You also visited: Ossuary.

You collected 554 gold pieces.

Inventory:

Hand Weapons
 a - a +0 hand axe (weapon)
Missiles
 s - 3 throwing nets
Armour
 w - a +0 cloak (worn)
 x - a +0 chain mail (worn)
 y - a +0 pair of boots (worn)
 A - a +0 kite shield (worn)
 B - a +0 pair of gloves (worn)
Jewellery
 e - a +6 ring of dexterity
 f - a ring of positive energy (right hand)
 C - a +6 ring of dexterity (left hand)
Wands
 g - a wand of paralysis (8)
 l - a wand of digging (3) (quivered)
 q - a wand of iceblast (22)
Scrolls
 c - a scroll of teleportation {unknown}
 d - 5 scrolls of enchant weapon
 h - a scroll of brand weapon
 k - 3 scrolls of fear
 r - 2 scrolls of fog
 u - a scroll of enchant armour
 z - a scroll of noise
Potions
 b - a potion of mutation {unknown}
 i - a potion of resistance {unknown}
 j - a potion of brilliance {unknown}
 m - a potion of attraction {unknown}
 n - 2 potions of might
 o - a potion of cancellation {unknown}
 p - a potion of haste
 t - 2 potions of curing {unknown}
 v - a potion of ambrosia {unknown}


   Skills:
 + Level 8.0 Fighting
 + Level 11.4 Axes
 + Level 8.8 Armour
 + Level 5.3 Dodging
 + Level 2.2 Stealth
 + Level 0.5 Shields
 * Level 6.6 Evocations


You had 9 spell levels left.
You didn't know any spells.
Your spell library was empty.

Dungeon Overview and Level Annotations

Branches:
Dungeon (9/15)             Temple (0/1) D:5         Ossuary (visited)
   Lair: D:8-11         Orc: D:9-12

Altars:
Ashenzari
Dithmenos
Elyvilon
Gozag
Kikubaaqudgha
Nemelex Xobeh
Trog
Uskayaw

Shops:
D:7 (

Annotations:
D:4 2 transporters, cbfl8's ghost, amateur DsFi


Innate Abilities, Weirdness & Mutations

You have a pair of horns on your head.
You reflexively headbutt those who attack you in melee.


Message History

Partly explored, can't reach some places.
No target in view!
Partly explored, can't reach some places.
Things that are here:
a +0 chain mail; a +0 battleaxe
Things that are here:
a +2 robe of willpower; a +2 dagger of chaos Search for what [Enter for "potion", or ? for help]? .
There is a stone staircase leading down here.
You climb downwards.
There is a stone staircase leading up here.
You slash the two-headed ogre!
The two-headed ogre is lightly wounded.
You block the two-headed ogre's attack.
The two-headed ogre hits you with a +0 giant spiked club!!
You barely miss the two-headed ogre.
The two-headed ogre is lightly wounded.
The two-headed ogre hits you with a +0 giant club.
You block the two-headed ogre's attack.
You hit the two-headed ogre.
The two-headed ogre is moderately wounded.
You closely miss the two-headed ogre.
The two-headed ogre is moderately wounded.
The two-headed ogre hits you with a +0 giant club!
The two-headed ogre barely misses you.
You hit the two-headed ogre but do no damage.
You headbutt the two-headed ogre.
The two-headed ogre is moderately wounded.
You block the two-headed ogre's attack. The two-headed ogre closely misses you.
You hit the two-headed ogre. You headbutt the two-headed ogre.
The two-headed ogre is heavily wounded.
You hit the two-headed ogre.
The two-headed ogre is heavily wounded.
The two-headed ogre closely misses you.
The two-headed ogre hits you with a +0 giant spiked club.
You hit the two-headed ogre.
The two-headed ogre is heavily wounded.
The two-headed ogre hits you with a +0 giant club!!
The two-headed ogre hits you with a +0 giant spiked club!!
You die...

****,*******
##******,,,,,,,,,,,
#.,,,,,,>,,,*,,,***
#.,***,,,,,,,,,,,,,
#.,,,*,,*****,,,***
#.,,,*,,,#,**,,,*
#.#####...,**,,,*
#.<......#,**,,,*
#.@......#,**,,,*
*****##O...##.#,**,,,*
*,,,,,.#......#,**,,,*
*,***#.*......#,**,,,***
*,* *..,.......,,,,,,,*,
*,* #.$*.....##,*****,*,
*,* #..,.......,* *,*<
*,* #..,....###** *,**
*,* *,*,***,* *,,,


You could see a two-headed ogre.

Vanquished Creatures
  Harold (D:8)
  2 two-headed ogres
  Psyche (D:8)
  A troll (D:7)
  A steam dragon (D:8)
  A vampire mosquito (D:6)
  3 water moccasins
  A sky beast (D:5)
  A black bear (D:6)
  A necrophage (D:5)
  2 ogres
  4 centaurs
  A kobold brigand (D:7)
  An elf zombie (Ossuary)
  2 bullfrogs
  A scorpion (D:5)
  2 gnoll sergeants
  A water moccasin zombie (D:5)
  A water moccasin skeleton (D:5)
  4 wights (D:6)
  A howler monkey (D:8)
  A bullfrog zombie (D:5)
  A human zombie (Ossuary)
  3 jellies
  2 centaur zombies (Ossuary)
  2 hounds
  2 orc priests
  2 bullfrog skeletons
  A scorpion zombie (D:5)
  3 iguanas
  3 orc wizards (D:7)
  2 hound zombies (Ossuary)
  2 hound skeletons (D:3)
  3 mummies (Ossuary)
  12 gnolls
  12 adders
  A shadow imp (D:7)
  A white imp (D:7)
  An ufetubus (D:7)
  A worm zombie (D:7)
  6 adder zombies (Ossuary)
  3 worms
  2 dart slugs
  10 orcs
  11 ball pythons
  6 endoplasms
  3 giant cockroaches
  2 gnoll zombies (Ossuary)
  7 goblins
  8 hobgoblins
  5 kobolds
  3 quokkas
  4 bats
  A frilled lizard (D:3)
  3 goblin zombies (Ossuary)
  7 hobgoblin zombies
  3 jackal zombies (Ossuary)
  2 kobold zombies (Ossuary)
  An orc zombie (Ossuary)
  5 quokka zombies (Ossuary)
  7 rats
  3 rat zombies (Ossuary)
190 creatures vanquished.

Vanquished Creatures (collateral kills)
  Maggie (D:7)
  An ice beast (D:7)
  A scorpion (D:7)
3 creatures vanquished.

Vanquished Creatures (others)
  An orc (D:3)
  A plant (D:8)
2 creatures vanquished.

Grand Total: 195 creatures vanquished

Notes
Turn   | Place    | Note
-------+----------+-------------------------------------------
     0 | D:1      | cbfl8 the Minotaur Berserker began the quest for the Orb.
     0 | D:1      | Reached XP level 1. HP: 19/19 MP: 0/0
   184 | D:1      | Reached XP level 2. HP: 24/27 MP: 1/1
   390 | D:1      | Reached skill level 1 in Evocations
   416 | D:1      | Reached skill level 4 in Axes
   537 | D:1      | Reached ** piety under Trog
   714 | D:1      | Reached XP level 3. HP: 33/33 MP: 2/2
  1293 | D:2      | Reached XP level 4. HP: 29/40 MP: 3/3
  2012 | D:3      | Reached skill level 5 in Axes
  2468 | D:3      | Reached XP level 5. HP: 26/47 MP: 4/4
  2472 | D:3      | Reached *** piety under Trog
  2489 | D:3      | Reached skill level 1 in Stealth
  3021 | D:4      | Found a bloodstained altar of Trog.
  3030 | D:4      | Found a transporter.
  3032 | D:4      | Noticed cbfl8's ghost (amateur DsFi)
  3208 | D:4      | Found a transporter.
  3435 | D:5      | Entered Level 5 of the Dungeon
  3438 | D:5      | Reached XP level 6. HP: 53/53 MP: 5/5
  3449 | D:5      | Reached skill level 6 in Axes
  3989 | D:5      | Reached skill level 5 in Fighting
  3989 | D:5      | Reached XP level 7. HP: 43/59 MP: 6/6
  4457 | D:5      | Reached skill level 7 in Axes
  5242 | D:5      | Found a staircase to the Ecumenical Temple.
  5250 | D:5      | Reached XP level 8. HP: 68/68 MP: 7/7
  5633 | D:6      | Reached skill level 5 in Armour
  5929 | D:6      | Noticed a two-headed ogre
  6451 | D:6      | Found a sparkling altar of Nemelex Xobeh.
  6629 | D:7      | Noticed a troll
  6629 | D:7      | You fall into a shaft and drop 2 floors!
  6702 | D:7      | Reached skill level 8 in Axes
  7003 | D:7      | Found a sand-covered staircase.
  7021 | Ossuary  | Entered an ossuary
  7326 | Ossuary  | Reached **** piety under Trog
  7375 | Ossuary  | Reached XP level 9. HP: 75/75 MP: 8/8
  7588 | D:7      | Reached skill level 5 in Evocations
  7591 | D:7      | Reached skill level 9 in Axes
  7860 | D:7      | Found Qythri Capa's Antique Weapon Boutique.
  7895 | D:7      | Noticed a two-headed ogre
  7905 | D:7      | Killed a two-headed ogre
  7906 | D:7      | Reached skill level 5 in Dodging
  8265 | D:7      | Killed a troll
  8266 | D:7      | Reached skill level 10 in Axes
  8687 | D:7      | Noticed Maggie
  8704 | D:7      | Killed Maggie
  9297 | D:8      | Found an opulent altar of Gozag.
  9352 | D:8      | Found a white marble altar of Elyvilon.
  9362 | D:8      | Reached XP level 10. HP: 86/86 MP: 9/9
  9423 | D:8      | Found a shadowy altar of Dithmenos.
  9424 | D:8      | Found an ancient bone altar of Kikubaaqudgha.
  9424 | D:8      | Found a hide-covered altar of Uskayaw.
  9440 | D:8      | Noticed Harold
  9452 | D:8      | Killed Harold
  9490 | D:8      | Noticed Psyche
  9531 | D:9      | Noticed a two-headed ogre
  9564 | D:8      | Killed Psyche
  9565 | D:8      | Reached skill level 11 in Axes
  9700 | D:8      | Found a broken altar of Ashenzari.
 10089 | D:6      | Killed a two-headed ogre
 10451 | D:9      | Slain by a two-headed ogre

Illustrated notes

Levels and vault maps discovered:
D:1:      onia_arrival_handbag, layout_loops_ring, minivault_25
D:2:      layout_loops_ring
D:3:      layout_rooms
D:4:      layout_rooms, mainiacjoe_overflow_tiny_flanked,
          gammafunk_ghost_stat_death, amcnicky_mini_corridor_feature,
          serial_bayou_lake_a
D:5:      layout_rooms, minmay_temple_entry_fiery
D:6:      layout_gridville, nemelex_diamond_rough_becter, lightli_corner_chamber
D:7:      layout_gridville, enter_ossuary_3, serial_shops, shop,
          minmay_increasing_density, uniq_maggie
D:8:      layout_rooms, mainiacjoe_overflow_alcove_4,
          gammafunk_temple_overflow_forgotten, nicolae_overflow_crystal_walls,
          mainiacjoe_overflow_catwalk, uniq_harold, uniq_psyche
D:9:      old_forge, layout_basic, gammafunk_temple_overflow_pools,
          serial_shops, nicolae_shop_overgrown_old_shop

Skill      XL: |  1  2  3  4  5  6  7  8  9 10 |
---------------+-------------------------------+-----
Evocations     | 1 2 3 4 6 |  6.6
Axes           | 4 5 6 7 8 10 11 | 11.4
Fighting       | 4 5 6 7 8 |  8.0
Stealth        | 1 2 |  2.2
Dodging        | 3 4 5 |  5.3
Armour         | 3 4 6 7 8 |  8.8
Shields        | |  0.5

Action                   |  1- 3 |  4- 6 |  7- 9 | 10-12 || total
-------------------------+-------+-------+-------+-------++-------
Melee: Hand axe          |    65 |   144 |   343 |    64 ||   616
       Headbutt          |    11 |    25 |    76 |    13 ||   125
       Punch             |     1 |     1 |     7 |       ||     9
Invok: Berserk           |       |     1 |     8 |     3 ||    12
       Trog's Hand       |       |       |     3 |     1 ||     4
       Brothers in Arms  |       |       |     1 |       ||     1
Evoke: Wand              |       |       |       |     1 ||     1
  Use: Scroll            |     4 |     3 |     5 |     2 ||    14
       Potion            |       |       |       |     5 ||     5
 Stab: Sleeping          |     3 |     1 |       |       ||     4
Armor: Animal skin       |     7 |     7 |       |       ||    14
       Scale mail        |       |    17 |    49 |       ||    66
       Chain mail        |       |       |   106 |    20 ||   126
Dodge: Dodged            |    49 |    92 |   189 |    12 ||   342
Block: Kite shield       |       |       |     1 |    14 ||    15
